 Seeded DCSS version 0.30-a0-715-gdb4ae3ece1 (webtiles) character file.

Game seed: 17543857038586890609 (custom seed)

280 flotson the Sneak (level 6, -4/48 HPs)
             Began as a Demonspawn Delver on Jan 24, 2023.
             Blown up by Ijyb (18 damage)
             ... with a mindburst bolt
             ... on level 3 of the Dungeon.
             The game lasted 00:05:14 (2467 turns).

flotson the Sneak (Demonspawn Delver)               Turns: 2467, Time: 00:05:15

Health: -4/48      AC:  9    Str: 14    XL:     6   Next: 5%
Magic:  6/6        EV:  7    Int: 12    God:
Gold:   171        SH:  4    Dex: 14    Spells: 5/5 levels left

rFire   . . .      SeeInvis .    a - +0 quarterstaff
rCold   . . .      Faith    .    (shield currently unavailable)
rNeg    . . .      Spirit   .    l - +0 chain mail
rPois   .          Reflect  .    (helmet restricted)
rElec   .          Harm     .    (no cloak)
rCorr   +          Rampage  .    p - +0 pair of gloves
Will    .....                    (no boots) Stlth
                                 (no amulet)
HPRegen 0.28/turn                q - ring of resist corrosion
MPRegen 0.10/turn                (no ring)

@: no status effects
A: antennae 2, large bone plates 1
a: no special abilities


You were on level 3 of the Dungeon.
You visited 1 branch of the dungeon, and saw 5 of its levels.

You collected 171 gold pieces.

Inventory:

Hand Weapons
 a - a +0 quarterstaff (weapon)
 b - a +0 arbalest
 k - a +0 hand axe
Missiles
 o - 4 poisoned darts
Armour
 l - a +0 chain mail (worn)
 p - a +0 pair of gloves (worn)
Jewellery
 q - a ring of resist corrosion (left hand)
Wands
 g - a wand of digging (3)
Scrolls
 c - a scroll of fog
 d - a scroll of magic mapping
 f - a scroll of poison {unknown}
 i - a scroll of enchant weapon {unknown}
 j - a scroll of blinking {unknown}
 m - a scroll of brand weapon {unknown}
 n - 3 scrolls of identify {unknown}
 r - a scroll of enchant armour {unknown}
 s - a scroll of amnesia {unknown}
 v - 2 scrolls of teleportation {unknown}
 w - a scroll of torment {unknown}
Potions
 e - a potion of flight {unknown}
 h - 6 potions of curing {unknown}
 t - 2 potions of brilliance
 u - a potion of haste


   Skills:
 + Level 3.7 Fighting
 + Level 2.7 Axes
 + Level 0.9 Ranged Weapons
 + Level 0.6 Throwing
 + Level 1.9 Armour
 + Level 2.9 Dodging
 - Level 5.0 Stealth
 + Level 2.1 Evocations


You had 5 spell levels left.
You didn't know any spells.
Your spell library contained the following spells:

 Spells                   Type           Power      Damage    Failure   Level
 Necrotise                Necr           0%         1d4       100%        1
 Summon Small Mammal      Summ           0%         N/A       100%        1
 Call Canine Familiar     Summ           0%         N/A       100%        3
 Summon Guardian Golem    Hex/Summ       0%         N/A       100%        3
 Vampiric Draining        Necr           0%         2d6       100%        3
 Agony                    Necr           0%         N/A       100%        5


Dungeon Overview and Level Annotations

Branches:
Dungeon (5/15)
 Temple: D:4-7

Altars:
Gozag
Sif Muna
Wu Jian
Xom

Shops:
D:1 :   D:5 =

Annotations:
D:3 Ijyb


Innate Abilities, Weirdness & Mutations

You have a pair of antennae on your head.
You are partially covered in large bone plates. (SH +4)


Message History

Ijyb barely misses you.
You completely miss Ijyb.
Ijyb is almost dead.
Ijyb barely misses you.
You hit Ijyb but do no damage.
Ijyb is almost dead.
Ijyb barely misses you.
Ijyb zaps a wand.
Your mind is blasted!
You hit Ijyb.
Ijyb is almost dead.
Ijyb hits you but does no damage.
You closely miss Ijyb.
Ijyb is almost dead.
Ijyb zaps a wand.
You barely resist. You closely miss Ijyb.
Ijyb is almost dead.
You block Ijyb's attack. Ijyb hits you but does no damage.
You completely miss Ijyb.
Ijyb is almost dead.
Ijyb hits you but does no damage.
You barely miss Ijyb.
Ijyb is almost dead.
Ijyb hits you but does no damage.
You closely miss Ijyb.
Ijyb is almost dead.
Ijyb closely misses you.
You barely miss Ijyb.
Ijyb is almost dead.
You block Ijyb's attack. Ijyb hits you with a +0 dagger.
You hit Ijyb but do no damage.
Ijyb is almost dead.
Ijyb hits you with a +0 dagger.
You barely miss Ijyb.
Ijyb is almost dead.
Ijyb closely misses you.
You closely miss Ijyb.
Ijyb is almost dead.
Ijyb hits you with a +0 dagger.
* * * LOW HITPOINT WARNING * * *
Ijyb zaps a wand.
Your mind is blasted!
You die...

##l### #.... ..
#.##.#.## .# #.. ....#
.#### #.......#
.......##.......# .
..............#..###.g.
......≈°≈≈§)..#........
......≈≈≈≈≈.....g#
#......§_≈≈.###†@#
#.....≈≈≈≈≈.###..#
#.....≈§≈≈≈......#
#[...........##.##
........#######...
.#.##........#####.#
...##..#####.# ..
.......#####.# ##
<)........##.#


You could see Ijyb.

Vanquished Creatures
  4 hounds
  An orc priest (D:2)
  4 adders
  A shadow imp (D:5)
  A white imp (D:2)
  A worm (D:2)
  4 dart slugs
  5 orcs
  5 ball pythons
  3 bats (D:2)
  4 endoplasms
  2 giant cockroaches (D:1)
  3 hobgoblins
  8 jackals (D:1)
  A quokka (D:5)
  5 goblins
  8 kobolds
  8 rats
68 creatures vanquished.

Notes
Turn   | Place    | Note
-------+----------+-------------------------------------------
     0 | D:5      | flotson the Demonspawn Delver began the quest for the Orb.
     0 | D:5      | Reached XP level 1. HP: 18/18 MP: 1/1
    68 | D:5      | Noticed an iguana
   172 | D:5      | Noticed a hound
   186 | D:5      | Killed a hound
   187 | D:5      | Gained mutation: You have a pair of small antennae on your
                  | head. [demonic ancestry]
   187 | D:5      | Reached XP level 2. HP: 11/24 MP: 2/2
   187 | D:5      | Gained mutation: You are partially covered in large bone
                  | plates. (SH +4) [demonic ancestry]
   187 | D:5      | Reached XP level 3. HP: 13/29 MP: 3/3
   309 | D:5      | Reached skill level 1 in Evocations
   379 | D:5      | Reached skill level 1 in Armour
   379 | D:5      | Reached XP level 4. HP: 35/35 MP: 4/4
   498 | D:5      | Found an ornate altar of the Wu Jian Council.
   501 | D:5      | Found a shimmering altar of Xom.
   570 | D:5      | Noticed a steam dragon
   574 | D:5      | Found Gitulola's One-of-a-Kind Rings.
   613 | D:5      | Found an opulent altar of Gozag.
   765 | D:2      | Gained mutation: You have a pair of antennae on your head.
                  | [demonic ancestry]
   765 | D:2      | Reached XP level 5. HP: 35/41 MP: 5/5
  1223 | D:1      | Reached skill level 5 in Stealth
  1264 | D:1      | Found Koucou's Book Shop.
  2329 | D:2      | Reached XP level 6. HP: 46/48 MP: 6/6
  2431 | D:3      | Found a shimmering blue altar of Sif Muna.
  2445 | D:3      | Noticed Ijyb
  2467 | D:3      | Blown up by Ijyb

Illustrated notes

Levels and vault maps discovered:
D:1:      sevenhm_arrival_forest_fort_small_4, layout_basic, serial_shops,
          nicolae_shop_statue_plus, minmay_box_of_dots
D:2:      layout_loops_cross
D:3:      layout_loops_cross, nicolae_sif_muna_condensation,
          nicolae_overflow_hidden_temple, uniq_ijyb, uniq_crazy_yiuf_cottage
D:4:      layout_basic, mainiacjoe_overflow_cross_hatched, uniq_sigmund,
          uniq_blork_the_orc, uniq_robin
D:5:      nicolae_cairo_tiling_large_dashed, layout_loops_corners,
          nicolae_gozag_seed_capital, minmay_overflow_temple_star_quad,
          serial_rivers, chequers_serial_rivers_micro_e,
          chequers_serial_rivers_large_b, chequers_serial_rivers_micro_c,
          chequers_serial_rivers_room_b, roderic_lattice_a,
          nicolae_shop_unique_rings, grunt_ministairs_10

Skill      XL: |  1  2  3  4  5 |
---------------+----------------+-----
Axes           | 2 |  2.7
Dodging        | 2 |  2.9
Evocations     | 1 2 |  2.1
Armour         | 1 |  1.9
Stealth        | 5 |  5.0
Fighting       | |  3.7
Ranged Weapons | |  0.9
Throwing       | |  0.6

Action                     |  1- 3 |  4- 6 || total
---------------------------+-------+-------++-------
  Melee: Hand axe          |    16 |     4 ||    20
         Quarterstaff      |       |    52 ||    52
   Fire: Arbalest          |    10 |   166 ||   176
    Use: Potion            |     1 |     1 ||     2
         Scroll            |       |     1 ||     1
 Armour: Leather armour    |     7 |     2 ||     9
         Chain mail        |       |   144 ||   144
  Dodge: Dodged            |    16 |   105 ||   121
  Block: Other             |     1 |    43 ||    44

Table legend: (Time is in decaauts)
 A = Elapsed time spent in this place.
 B = Non-inter-level travel time spent in this place.
 C = Inter-level travel time spent in this place.
 D = Time resting spent in this place.
 E = Time spent auto-exploring this place.
 F = Levels seen in this place.
 G = Mean time per level.
                   A        B        C        D        E       F      G
               +--------+--------+--------+--------+--------+-----+--------+
         Total |   2732 |   2662 |     70 |    190 |   1656 |   5 |  546.4 |
       Dungeon |   2732 |   2662 |     70 |    190 |   1656 |   5 |  546.4 |
               +--------+--------+--------+--------+--------+-----+--------+

Top non-repeatable levels by time:
     D:2: 1025 daAuts
     D:1: 823 daAuts
     D:5: 657 daAuts
     D:3: 214 daAuts
     D:4: 12 daAuts
